 Dungeon Crawl Stone Soup version 0.29.0-7-g18a832c13a (webtiles) character file.

Game seed: 3011292299830325425

119 sanka the Trooper (level 5, -5/40 HPs)
             Began as a Djinni Chaos Knight on Aug 30, 2022.
             Slain by a river rat (8 damage)
             ... in a sewer.
             The game lasted 00:02:47 (2545 turns).

sanka the Trooper (Djinni Chaos Knight)             Turns: 2545, Time: 00:02:48

Health: -5/40      AC:  6    Str: 11    XL:     5   Next: 23%
Gold:   47         EV: 12    Int: 15    God:
                   SH:  0    Dex: 17

rFire   + + .      SeeInvis .   r - +8 mace of Oludd {vorpal, Dex+4}
rCold   x . .      Faith    .   (no shield)
rNeg    . . .      Spirit   .   b - +2 leather armour
rPois   ∞          Reflect  .   (no helmet)
rElec   .          Harm     .   q - +0 cloak
rCorr   .          Rampage  .   (no gloves)
Will    .....                   (boots unavailable)
Stlth   +.........              (no amulet)
HPRegen 0.13/turn               (no ring)
MPRegen 0.00/turn               (no ring)

@: flying, unable to drink
A: sickness immunity, fire resistance 2, cold vulnerability 1, float, innate
caster, HP casting, extra vitality 1, inability to drink after injury 1
a: no special abilities


You were in a sewer.
You visited 1 branch of the dungeon, and saw 3 of its levels.
You also visited: Sewer.

You collected 47 gold pieces.


Innate Abilities, Weirdness & Mutations

You are immune to sickness and miasma.
You are immune to poison.
Your flesh is very heat resistant. (rF++)
You are vulnerable to cold. (rC-)
You float through the air rather than walking.
You learn spells naturally, not from books.
Your magical power is your life essence.
You have superior vitality. (+4 MHP)
You occasionally lose the ability to drink potions when taking damage.


   Skills:
 + Level 3.5 Fighting
 - Level 3.4 Long Blades
 - Level 1.0 Armour
 + Level 2.9 Dodging
 + Level 2.0 Spellcasting


You had 5 spell levels left.
You knew the following spells:

 Your Spells              Type           Power      Damage    Failure   Level
z - Magic Dart            Conj           28%        1d4       13%         1
N - Passwall              Tmut/Erth      5%         N/A       19%         2
Your spell library was empty.

Inventory:

Hand Weapons
 a - a +0 falchion of chaos
 l - a +2 dagger of venom
 r - the +8 mace of Oludd (weapon) {vorpal, Dex+4}

   It inflicts extra damage upon your enemies.
   Dex:       It affects your dexterity (+4).
Armour
 b - a +2 leather armour (worn)
 q - a +0 cloak (worn)
 t - a scarf of invisibility
Jewellery
 p - a ring of fire
Scrolls
 e - 2 scrolls of enchant weapon {unknown}
 h - a scroll of blinking {unknown}
 j - 3 scrolls of identify {unknown}
 k - a scroll of vulnerability {unknown}
 n - a scroll of brand weapon {unknown}
 o - a scroll of fear {unknown}
 s - a scroll of teleportation {unknown}
 u - 3 scrolls of poison {unknown}
Potions
 d - a potion of heal wounds {unknown}
 f - a potion of brilliance {unknown}
 g - 2 potions of curing {unknown}
 i - a potion of berserk rage {unknown}
 m - 3 potions of attraction {unknown}
Miscellaneous
 c - a piece from Xom's chessboard (15/15)

Dungeon Overview and Level Annotations

Branches:
Dungeon (3/15)              Sewer (1/1)

Altars:
Trog

≈≈≈≈≈≈≈≈≈≈≈≈~~.......~~≈
≈≈≈≈≈≈≈≈≈≈≈≈≈~~~~~~≈≈~≈≈≈
≈≈≈≈≈≈≈≈≈≈≈≈~≈~≈~~≈≈~~~≈≈
≈≈≈≈≈≈≈≈≈~~~...........≈
≈†~≈~▒▒................
..▒▒▒▒...............▒
...▒▒.....▒▒........▒
..........▒▒▒....†..▒▒...
.........▒▒▒††..Rr†......
...▒▒▒▒......†.▒▒▒▒.....▒
.▒▒▒ ▒▒.....▒▒▒ ..▒▒▒ ▒▒
▒▒▒▒▒▒▒ ▒▒


You could see a river rat.


Message History

The river rat bites you.
* * * LOW HITPOINT WARNING * * *
You hit the ball python.
You kill the ball python!
The river rat misses you. The river rat closely misses you.
Unknown command.
You hit the river rat but do no damage.
The river rat is heavily wounded.
The river rat bites you!
You feel threatened and lose the ability to drink potions!
* * * LOW HITPOINT WARNING * * *
The river rat barely misses you.
Unknown command.
You hit the river rat.
You kill the river rat!
The river rat bites you.
* * * LOW HITPOINT WARNING * * *
The river rat bites you but does no damage.
Your Spellcasting skill increases to level 2!
Unknown command.
You sock the river rat!
The river rat is severely wounded.
The river rat bites you.
* * * LOW HITPOINT WARNING * * *
You hit the river rat but do no damage.
The river rat is severely wounded.
The river rat barely misses you. The river rat bites you!
You die...

Action                   |  1- 3 |  4- 6 || total
-------------------------+-------+-------++-------
Melee: Falchion          |   105 |       ||   105
       Mace              |    11 |    44 ||    55
Invok: Renounce Religion |     1 |       ||     1
 Stab: Petrifying        |     1 |       ||     1
Armor: Leather armour    |    36 |    11 ||    47
Dodge: Dodged            |    76 |    38 ||   114

Levels and vault maps discovered:
D:1:      wander_arrival_peaceful_grave, layout_basic,
          chequers_ecumenical_altar_simple
D:2:      layout_basic, basic_altar
D:3:      layout_basic, mainiacjoe_overflow_alcove_4, lemuel_doored_altar,
          nicolae_overflow_hidden_temple, portal_sewer_entry_c,
          eino_tiny_chamber, minmay_distorted, uniq_terence
Sewer:    sewer_minmay_treatment

Notes
Turn   | Place    | Note
-------+----------+-------------------------------------------
     0 | D:1      | sanka the Djinni Chaos Knight began the quest for the Orb.
     0 | D:1      | Reached XP level 1. HP: 20/20 MP: 0/0
    48 | D:1      | Fell from the grace of Xom
    88 | D:1      | Reached skill level 3 in Long Blades
    88 | D:1      | Reached XP level 2. HP: 25/25 MP: 0/0
   173 | D:1      | Found a faded altar of an unknown god.
   324 | D:1      | Reached skill level 1 in Spellcasting
   411 | D:1      | XOM: give mutation
   411 | D:1      | Gained mutation: You occasionally lose the ability to drink
                  | potions when taking damage. [Xom's mischief]
   501 | D:1      | Reached XP level 3. HP: 27/30 MP: 0/0
   501 | D:1      | Learned a level 1 spell: Magic Dart
  1603 | D:2      | XOM: 2-stop teleportation journey
  1677 | D:2      | Identified the +8 mace of Oludd {vorpal, Dex+4}
  1803 | D:2      | Found a bloodstained altar of Trog.
  1908 | D:2      | Reached XP level 4. HP: 33/35 MP: 0/0
  2220 | D:3      | Found a glowing drain.
  2240 | Sewer    | Entered a sewer
  2499 | Sewer    | Reached XP level 5. HP: 39/40 MP: 0/0
  2499 | Sewer    | Learned a level 2 spell: Passwall
  2543 | Sewer    | Reached skill level 2 in Spellcasting
  2543 | Sewer    | HP: 2/40 [river rat (6)]
  2545 | Sewer    | Slain by a river rat

Vanquished Creatures
  2 adders (Sewer)
  4 river rats
  2 worms (D:2)
  A dart slug (D:1)
  3 bats
  7 endoplasms
  A giant cockroach (D:2)
  8 goblins
  5 hobgoblins
  A quokka (D:1)
  9 ball pythons
  3 kobolds
  13 rats
59 creatures vanquished.
